 Dungeon Crawl Stone Soup version 0.17.0-7-gfadd4cc (webtiles) character file.

71 TheBoneZone the Skirmisher (level 4, -3/39 HPs)
             Began as a Demonspawn Abyssal Knight on Nov 8, 2015.
             Was a Believer of Lugonu.
             Killed by a spatial distortion (4 damage)
             ... on level 2 of the Dungeon.
             The game lasted 00:13:24 (1729 turns).

TheBoneZone the Skirmisher (DsAK)                   Turns: 1729, Time: 00:13:24

Health: -3/39      AC:  3    Str: 13    XL:     4   Next: 5%
Magic:  6/6        EV: 12    Int: 13    God:    Lugonu [**....]
Gold:   109        SH:  0    Dex: 13    Spells: 0 memorised, 3 levels left

rFire  . . .     SeeInvis .     a - +3 falchion
rCold  + . .     Clarity  .     b - +0 leather armour
rNeg   . . .     SustAt   .     (no shield)
rPois  .         Gourm    .     (helmet restricted)
rElec  .         Spirit   .     (no cloak)
rCorr  .         Warding  .     (no gloves)
rMut   .         Stasis   .     (no boots)
MR     .....                    (no amulet)
Stlth  +.........               (no ring)
                                (no ring)

@: not resistant to hostile enchantments, very unstealthy
A: antennae 1, hooves 1, cold resistance 1, robust 1, screaming 1
a: Depart the Abyss, Bend Space, Renounce Religion


You were on level 2 of the Dungeon.
You worshipped Lugonu.
Lugonu was pleased with you.
You were very full.

You visited 1 branch of the dungeon, and saw 2 of its levels.
You visited the Abyss 1 time.

You collected 109 gold pieces.

Inventory:

Hand Weapons
 a - a +3 falchion (weapon)
Armour
 b - a +0 leather armour (worn)
 e - a +0 leather armour
Jewellery
 f - an uncursed amulet of the gourmand {unknown}
Potions
 d - 2 potions of magic
Comestibles
 c - a beef jerky


   Skills:
 + Level 3.6 Fighting
 + Level 2.1 Long Blades
 + Level 2.1 Armour
 + Level 2.0 Dodging
 + Level 0.2 Stealth
 + Level 2.9 Invocations


You had 3 spell levels left.
You didn't know any spells.

Dungeon Overview and Level Annotations

Branches:
Dungeon (2/15)

Altars:
The Shining One

Annotations:
D:2 Robin


Innate Abilities, Weirdness & Mutations

You have a pair of small antennae on your head.
You have large cloven feet.
Your flesh is cold resistant.
You are robust (+10% HP).
You occasionally shout uncontrollably at your foes.


Message History

The jackal bites you.
* * * LOW HITPOINT WARNING * * *
You closely miss the jackal. You kick the jackal, but do no damage.
The jackal closely misses you. The jackal barely misses you.
The jackal closely misses you. The jackal barely misses you.
The jackal barely misses you.
Things that are here:
a club x2
You hit the jackal but do no damage. The jackal barely misses you.
You slash the jackal!
You kill the jackal!
Lugonu accepts your kill. The jackal bites you.
* * * LOW HITPOINT WARNING * * *
Your leather armour prevents you from hitting the jackal.
You kick the jackal, but do no damage. The jackal bites you.
* * * LOW HITPOINT WARNING * * *
Space bends around you!
You blink.
You die...

....#.####.#.################
.#.##.####h#.# #..<......#
##.##......#.# #ยง#######.#
.......#.#+#+######h#
#.###.##...........g###.#
......##................#
#.######...........###### ..#
#...........#
##..............@..#
.######.........(# ...
.............# ##.###
#...........# .....#
#...........# ......
#...........# ####.#
#(..........# #...........#
#### #...........#


You could see a jackal and a hobgoblin.

Vanquished Creatures
  5 worms (D:2)
  A giant gecko (D:2)
  6 bats
  3 giant cockroaches
  8 goblins
  7 hobgoblins
  8 jackals
  3 kobolds
  3 quokkas (D:2)
  3 rats
47 creatures vanquished.

Notes
Turn   | Place    | Note
--------------------------------------------------------------
     0 | Abyss:1  | TheBoneZone the Demonspawn Abyssal Knight began the quest for the Orb.
     0 | Abyss:1  | Reached XP level 1. HP: 18/18 MP: 2/2
     2 | D:1      | Escaped the Abyss
   139 | D:1      | Gained mutation: You have a pair of small antennae on your head. [demonic ancestry]
   139 | D:1      | Reached XP level 2. HP: 18/24 MP: 4/4
   167 | D:1      | Reached * piety under Lugonu
   167 | D:1      | Reached skill level 1 in Dodging
   422 | D:1      | Gained mutation: You occasionally shout uncontrollably at your foes. [potion of mutation]
   422 | D:1      | Gained mutation: You are robust (+10% HP). [potion of mutation]
   422 | D:1      | Gained mutation: Your flesh is cold resistant. [potion of mutation]
   509 | D:1      | Found a glowing golden altar of the Shining One.
   681 | D:2      | Gained mutation: You have large cloven feet. [demonic ancestry]
   681 | D:2      | Reached XP level 3. HP: 25/31 MP: 5/5
  1473 | D:2      | Reached ** piety under Lugonu
  1525 | D:2      | Noticed Robin
  1670 | D:2      | Reached XP level 4. HP: 12/39 MP: 6/6
  1728 | D:2      | HP: 1/39 [jackal (2)]
  1729 | D:2      | Killed by a spatial distortion

Action                   |  1- 3 |  4- 6 || total
-------------------------+-------+-------++-------
Melee: Falchion          |   146 |     5 ||   151
Invok: Depart the Abyss  |     1 |       ||     1
       Bend Space        |     2 |     1 ||     3
  Use: Potion            |     2 |       ||     2
       Scroll            |     6 |       ||     6
  Eat: Bread ration      |     1 |       ||     1
       Meat ration       |     1 |       ||     1
